 Dungeon Crawl Stone Soup version 0.17.0-24-gcfadda4 (webtiles) character file.

1381 lucasterio the Basher (level 8, -11/70 (71) HPs)
             Began as a Minotaur Berserker on Nov 17, 2015.
             Was an Elder of Trog.
             Mangled by Prince Ribbit (12 damage)
             ... on level 6 of the Dungeon.
             The game lasted 00:27:19 (5765 turns).

lucasterio the Basher (Minotaur Berserker)          Turns: 5765, Time: 00:27:19

HP:   -11/70 (71)   AC: 12    Str: 24 (25) XL:     8   Next: 39%
MP:   7/7           EV: 10    Int:  4      God:    Trog [****..]
Gold: 314           SH:  0    Dex:  9      Spells: 0 memorised, 7 levels left

rFire  . . .     SeeInvis +     a - +0 mace
rCold  + . .     Clarity  .     Q - +2 chain mail of the Enchanted Forest {SInv}
rNeg   . . .     SustAt   .     (no shield)
rPois  .         Gourm    .     (helmet restricted)
rElec  .         Spirit   .     (no cloak)
rCorr  .         Warding  .     (no gloves)
rMut   .         Stasis   .     (no boots)
MR     .....                    (no amulet)
Stlth  ..........               I - ring of protection from cold
                                B - ring of stealth

@: exhausted, slowed, very slow, not resistant to hostile enchantments,
extremely unstealthy
A: retaliatory headbutt, horns 2
a: Berserk, Trog's Hand, Brothers in Arms, Burn Spellbooks, Renounce Religion


You were on level 6 of the Dungeon.
You worshipped Trog.
Trog was greatly pleased with you.
You were very hungry.

You visited 1 branch of the dungeon, and saw 6 of its levels.
You also visited: Sewer.

You collected 314 gold pieces.

Inventory:

Hand Weapons
 a - a +0 mace (weapon)
 g - a +0 dagger of draining
 u - a +0 club
 v - a +0 hunting sling
 y - a +0 trident
 J - the +5 war axe of Bread {elec, MR+, unknown}
   (You found it on level 5 of the Dungeon)

   Occasionally, upon striking a foe, it will discharge some electrical energy
   and cause terrible harm.
   It affects your resistance to hostile enchantments.
 L - a +0 shortbow
 N - a cursed -2 hand axe
 O - a +0 trident
 R - a +0 blowgun
 S - a +0 short sword
 U - a +0 halberd
 W - a +0 dagger of draining
 X - a +0 hand axe of chopping
Missiles
 w - 193 stones (quivered)
 G - 24 arrows of frost
 K - 56 arrows
 T - 36 poisoned needles
Armour
 b - a +0 animal skin
 h - a cursed +0 robe
 r - a +0 pair of gloves
 Q - the +2 chain mail of the Enchanted Forest (worn) {SInv}
   (You found it on level 5 of the Dungeon)

   It lets you see invisible.
Jewellery
 B - a ring of stealth (left hand)
 I - a ring of protection from cold (right hand)
Wands
 s - a wand of frost (15)
 M - a wand of disintegration (9)
Scrolls
 d - 3 scrolls of fear {unknown}
 e - 2 scrolls of teleportation {unknown}
 f - 3 scrolls of identify
 i - 2 scrolls of recharging {unknown}
 j - a scroll of holy word {unknown}
 l - 2 scrolls of remove curse {unknown}
 n - 3 scrolls of fog {unknown}
 o - 4 scrolls of noise {unknown}
 t - a scroll of random uselessness {unknown}
Potions
 m - 2 potions of haste {unknown}
 p - a potion of brilliance {unknown}
 x - 6 potions of curing {unknown}
 z - a potion of heal wounds {unknown}
 C - 2 potions of flight {unknown}
 D - 2 potions of might {unknown}
 E - 2 potions of magic {unknown}
 F - a potion of resistance {unknown}
 H - a potion of agility {unknown}
 P - a potion of poison {unknown}
 Y - a potion of cure mutation {unknown}
Comestibles
 c - 9 bread rations
 k - 5 meat rations
 q - 3 beef jerkies
 A - a royal jelly
 V - 9 chunks of flesh


   Skills:
 + Level 6.4 Fighting
 * Level 8.7 Maces & Flails
 + Level 6.1 Armour
 + Level 5.4 Dodging


You had 7 spell levels left.
You didn't know any spells.

Dungeon Overview and Level Annotations

Branches:
Dungeon (6/15)
 Temple: D:4-7

Altars:
Cheibriados
Dithmenos
Gozag
Ru
Sif Muna
Trog
Vehumet
Yredelemnul
The Shining One

Annotations:
D:6 Prince Ribbit


Innate Abilities, Weirdness & Mutations

You reflexively headbutt those who attack you in melee.
You have a pair of horns on your head.


Message History

Your headbutt passes through Prince Ribbit as he momentarily phases out.
Prince Ribbit is severely wounded.
Prince Ribbit hits you! x2
You closely miss Prince Ribbit.
Prince Ribbit is severely wounded.
Prince Ribbit hits you!
* * * LOW HITPOINT WARNING * * *
Prince Ribbit hits you but does no damage.
You are too injured to fight recklessly!
You miss Prince Ribbit. Your headbutt misses Prince Ribbit.
Prince Ribbit is severely wounded.
Prince Ribbit hits you!
* * * LOW HITPOINT WARNING * * *
Prince Ribbit hits you.
* * * LOW HITPOINT WARNING * * *
Prince Ribbit closely misses you.
Prince Ribbit momentarily phases out as your attack passes through him.
Prince Ribbit is severely wounded.
Prince Ribbit barely misses you. Prince Ribbit hits you!
You die...

...# #..# #..........
#..# #.......... +..#
#......... #..# ........
...# #....## ...# #
#.....## ...#
#.#####......# ...#
#...@F.......# ...#
#..##.....#..# ##.#
#....#....#..# #.#
##....#..#...# #.#
#....###...## #.#
#...###....# #.#
#..#..#....# #.#
##.#....#...#
#.##########.[#.....##.#


You could see Prince Ribbit.

Vanquished Creatures
  The ghost of lucasterio the Cudgeler, an amateur MiBe of Trog (D:6)
  An ice beast (D:5)
  Purgy (Sewer)
  A necrophage (D:6)
  A centaur (D:5)
  A giant frog (D:6)
  The ghost of Turgon the Insei, an amateur OpTm (D:4)
  A wyvern zombie (D:5)
  A scorpion (D:4)
  2 hounds (D:5)
  A centaur skeleton (D:4)
  2 worker ants (D:5)
  3 iguanas
  Terence (D:2)
  5 adders
  3 gnolls (D:6)
  A worker ant zombie (D:5)
  2 shadow imps
  An adder skeleton (D:4)
  5 worms
  5 giant geckos
  10 orcs
  4 giant cockroaches
  13 goblins
  17 hobgoblins
  13 jackals
  17 kobolds
  7 ball pythons
  14 bats
  4 giant newts
  4 quokkas
  14 rats
  A plant (D:6)
158 creatures vanquished.

Vanquished Creatures (collateral kills)
  2 orc wizards (D:5)
  5 orcs (D:5)
7 creatures vanquished.

Grand Total: 165 creatures vanquished

Notes
Turn   | Place    | Note
--------------------------------------------------------------
     0 | D:1      | lucasterio the Minotaur Berserker began the quest for the Orb.
     0 | D:1      | Reached XP level 1. HP: 19/19 MP: 0/0
    36 | D:1      | Reached XP level 2. HP: 22/27 MP: 1/1
   127 | D:1      | Reached skill level 4 in Maces & Flails
   245 | D:1      | Reached ** piety under Trog
   253 | D:1      | Reached XP level 3. HP: 19/33 MP: 2/2
  1004 | D:2      | Found a snail-covered altar of Cheibriados.
  1616 | D:2      | Noticed Terence
  1623 | D:2      | Killed Terence
  1623 | D:2      | Reached XP level 4. HP: 19/40 MP: 3/3
  1934 | D:2      | Reached *** piety under Trog
  1944 | D:3      | Found a shadowy altar of Dithmenos.
  1989 | D:3      | Found a radiant altar of Vehumet.
  2061 | D:3      | Found an opulent altar of Gozag.
  2073 | D:3      | Reached skill level 5 in Maces & Flails
  2478 | D:3      | Found a deep blue altar of Sif Muna.
  2531 | D:3      | Found a glowing golden altar of the Shining One.
  2581 | D:3      | Noticed a moth of wrath
  2584 | D:3      | Found a bloodstained altar of Trog.
  2605 | D:3      | Reached XP level 5. HP: 29/47 MP: 4/4
  2779 | D:4      | Noticed Turgon's ghost (amateur OpTm)
  2790 | D:4      | Killed Turgon's ghost
  2808 | D:4      | Found a glowing drain.
  2882 | Sewer    | Entered a sewer
  2954 | Sewer    | Noticed Purgy
  2965 | Sewer    | Killed Purgy
  2965 | Sewer    | Reached skill level 6 in Maces & Flails
  2965 | Sewer    | Reached XP level 6. HP: 45/55 MP: 5/5
  3234 | D:4      | Reached **** piety under Trog
  3321 | D:4      | Found a sacrificial altar of Ru.
  3366 | D:4      | Reached skill level 5 in Fighting
  3887 | D:5      | Entered Level 5 of the Dungeon
  3915 | D:5      | Found a basalt altar of Yredelemnul.
  4025 | D:5      | Reached XP level 7. HP: 57/61 MP: 6/6
  4077 | D:5      | Got a bone war axe
  4087 | D:5      | Reached skill level 7 in Maces & Flails
  4087 | D:5      | Reached skill level 5 in Armour
  4479 | D:5      | Got a dazzling chain mail
  4480 | D:5      | Identified the +2 chain mail of the Enchanted Forest {SInv} (You found it on level 5 of the Dungeon)
  4893 | D:6      | Noticed lucasterio's ghost (amateur MiBe)
  5022 | D:6      | Reached XP level 8. HP: 65/69 MP: 7/7
  5048 | D:6      | Killed lucasterio's ghost
  5048 | D:6      | Reached skill level 8 in Maces & Flails
  5048 | D:6      | Reached skill level 5 in Dodging
  5737 | D:6      | Noticed Prince Ribbit
  5764 | D:6      | HP: 1/70 [Prince Ribbit (3)]
  5765 | D:6      | Mangled by Prince Ribbit

Action                   |  1- 3 |  4- 6 |  7- 9 || total
-------------------------+-------+-------+-------++-------
Melee: Mace              |    97 |   147 |   164 ||   408
Invok: Berserk           |       |     2 |     3 ||     5
       Brothers in Arms  |       |       |     1 ||     1
  Use: Scroll            |       |     1 |     3 ||     4
 Stab: Sleeping          |     1 |     1 |     2 ||     4
  Eat: Chunk             |     2 |     8 |       ||    10
       Meat ration       |       |     1 |     1 ||     2
